[ AOE2 MATCH · #475331556 ]
UnrankedPoles vs Japanese
Player's team · LOSS
[ REPLAY ANALYSIS · EXTRACTED FROM THE RECORDED GAME ]
Feudal
8:55
Castle
19:47
Imperial
—
| APM avg | 67.5 |
| APM peak | 118 |
| eAPM avg | 30.3 |
| Villagers / military | 105 / 109 |
Focus
⚔️ 41.9% · 🌾 58.1%
Archer ×101 · Skirmisher ×7 · Spearman ×1
Feudal
10:40
Castle
14:20
Imperial
—
| APM avg | 39.7 |
| APM peak | 68 |
| eAPM avg | 17.8 |
| Villagers / military | 125 / 100 |
Focus
⚔️ 46.4% · 🌾 53.6%
Samurai ×95 · Mangonel ×4 · Monk ×1
Match map
Initial resources + every placement click. Lines = walls · curves = elevation contours. ◆ gold · ⬟ stone · ● berries · ✦ relic · ◌ wall gap
Your base· Open — unwalled flank
TheSleepyBishop's base· Open — unwalled flank
Smoothed initial terrain · ◌ = detected wall gap · hover for details
Inputs per minute
— Pinheads | ElQueManejaLaCombi - - TheSleepyBishop
Build order — Pinheads | ElQueManejaLaCombi
First 150 of 296 actions detected
| 0:01 | Create | Villager (Male) |
| 0:02 | Create | Villager (Male) |
| 0:02 | Create | Villager (Male) |
| 0:04 | Build | House |
| 0:05 | Build | House |
| 0:10 | Create | Villager (Male) |
| 0:10 | Create | Villager (Male) |
| 0:10 | Create | Villager (Male) |
| 1:41 | Create | Villager (Male) |
| 1:41 | Create | Villager (Male) |
| 2:07 | Create | Villager (Male) |
| 2:07 | Create | Villager (Male) |
| 2:07 | Create | Villager (Male) |
| 2:14 | Build | Lumber Camp |
| 2:25 | Create | Villager (Male) |
| 2:25 | Create | Villager (Male) |
| 2:55 | Create | Villager (Male) |
| 2:55 | Create | Villager (Male) |
| 3:18 | Create | Villager (Male) |
| 3:32 | Create | Villager (Male) |
| 3:32 | Create | Villager (Male) |
| 3:57 | Build | House |
| 4:02 | Create | Villager (Male) |
| 4:02 | Create | Villager (Male) |
| 4:16 | Create | Villager (Male) |
| 4:35 | Build | Mill |
| 4:49 | Create | Villager (Male) |
| 4:50 | Create | Villager (Male) |
| 4:59 | Create | Villager (Male) |
| 6:11 | Research | Loom |
| 6:45 | Research | Feudal Age |
| 6:45 | Research | Feudal Age |
| 7:35 | Build | Barracks |
| 7:46 | Build | Palisade Wall |
| 7:48 | Build | Palisade Wall |
| 7:51 | Build | Palisade Wall |
| 7:55 | Build | Palisade Wall |
| 7:57 | Build | Palisade Wall |
| 8:00 | Build | Palisade Wall |
| 8:02 | Build | Palisade Wall |
| 8:13 | Create | Villager (Male) |
| 8:18 | Create | Villager (Male) |
| 8:37 | Create | Villager (Male) |
| 8:49 | Build | Palisade Gate |
| 8:52 | Create | Villager (Male) |
| 8:54 | Build | Palisade Wall |
| 8:55 | Age | Feudal Age |
| 8:56 | Build | Palisade Wall |
| 8:57 | Build | Palisade Wall |
| 9:00 | Build | Archery Range |
| 9:05 | Research | Double-Bit Axe |
| 9:08 | Create | Spearman |
| 9:13 | Build | Palisade Wall |
| 9:17 | Create | Villager (Male) |
| 9:46 | Create | Skirmisher |
| 9:49 | Create | Skirmisher |
| 9:52 | Create | Villager (Male) |
| 10:00 | Build | Palisade Wall |
| 10:03 | Create | Villager (Male) |
| 10:12 | Create | Skirmisher |
| 10:15 | Build | House |
| 10:42 | Build | Mining Camp |
| 10:50 | Create | Skirmisher |
| 10:54 | Create | Villager (Male) |
| 11:03 | Create | Archer |
| 11:10 | Create | Villager (Male) |
| 11:12 | Build | Palisade Wall |
| 11:14 | Create | Villager (Male) |
| 11:18 | Research | Horse Collar |
| 11:20 | Create | Villager (Male) |
| 11:31 | Build | House |
| 11:36 | Build | House |
| 11:48 | Create | Villager (Male) |
| 11:55 | Build | Blacksmith |
| 12:01 | Create | Skirmisher |
| 12:03 | Create | Archer |
| 12:05 | Create | Villager (Male) |
| 12:21 | Create | Villager (Male) |
| 12:28 | Create | Villager (Male) |
| 12:32 | Create | Villager (Male) |
| 12:33 | Build | Farm |
| 12:35 | Build | Farm |
| 12:43 | Research | Fletching |
| 12:48 | Create | Skirmisher |
| 13:02 | Create | Skirmisher |
| 13:07 | Build | House |
| 13:29 | Create | Archer |
| 13:31 | Create | Villager (Male) |
| 13:34 | Build | Farm |
| 13:35 | Build | Farm |
| 13:42 | Create | Archer |
| 13:52 | Create | Villager (Male) |
| 13:54 | Build | Mill |
| 14:09 | Create | Archer |
| 14:15 | Create | Villager (Male) |
| 14:18 | Build | Farm |
| 14:20 | Create | Archer |
| 14:32 | Build | Farm |
| 14:46 | Build | Farm |
| 14:50 | Create | Archer |
| 15:06 | Build | Farm |
| 15:16 | Build | Farm |
| 15:21 | Build | Palisade Wall |
| 15:36 | Create | Archer |
| 16:26 | Build | Market |
| 16:52 | Build | Farm |
| 16:55 | Create | Archer |
| 17:06 | Build | House |
| 17:07 | Research | Castle Age |
| 17:07 | Research | Castle Age |
| 17:16 | Create | Archer |
| 17:29 | Build | Palisade Wall |
| 17:43 | Build | House |
| 17:56 | Build | Archery Range |
| 18:07 | Create | Archer |
| 18:13 | Create | Archer |
| 18:30 | Create | Archer |
| 18:46 | Create | Archer |
| 18:55 | Create | Archer |
| 18:58 | Create | Archer |
| 19:15 | Create | Archer |
| 19:20 | Create | Archer |
| 19:37 | Create | Archer |
| 19:47 | Age | Castle Age |
| 19:50 | Research | Crossbowman (upgrade) |
| 20:07 | Create | Archer |
| 20:10 | Research | Bodkin Arrow |
| 20:26 | Create | Villager (Male) |
| 20:28 | Create | Villager (Male) |
| 20:34 | Build | Town Center |
| 20:36 | Create | Archer |
| 20:46 | Create | Villager (Male) |
| 21:05 | Create | Archer |
| 21:08 | Create | Archer |
| 21:22 | Create | Villager (Male) |
| 21:26 | Create | Villager (Male) |
| 21:35 | Create | Archer |
| 21:39 | Create | Villager (Male) |
| 21:41 | Create | Archer |
| 21:44 | Build | House |
| 21:47 | Build | Palisade Wall |
| 21:49 | Build | Palisade Wall |
| 22:06 | Create | Archer |
| 22:45 | Create | Villager (Male) |
| 22:48 | Create | Villager (Male) |
| 22:58 | Create | Archer |
| 23:00 | Create | Archer |
| 23:08 | Create | Villager (Male) |
| 23:10 | Build | Palisade Wall |
| 23:12 | Build | Palisade Wall |
Build order — TheSleepyBishop
First 150 of 318 actions detected
| 0:00 | Create | Villager (Male) |
| 0:00 | Create | Villager (Male) |
| 0:00 | Create | Villager (Male) |
| 0:00 | Create | Villager (Male) |
| 0:00 | Create | Villager (Male) |
| 0:01 | Create | Villager (Male) |
| 0:02 | Build | House |
| 0:05 | Build | House |
| 1:28 | Create | Villager (Male) |
| 1:28 | Create | Villager (Male) |
| 1:52 | Build | Lumber Camp |
| 2:06 | Create | Villager (Male) |
| 2:06 | Create | Villager (Male) |
| 2:06 | Create | Villager (Male) |
| 2:06 | Create | Villager (Male) |
| 2:23 | Create | Villager (Male) |
| 2:23 | Create | Villager (Male) |
| 2:54 | Create | Villager (Male) |
| 2:54 | Create | Villager (Male) |
| 2:54 | Create | Villager (Male) |
| 2:54 | Create | Villager (Male) |
| 3:19 | Create | Villager (Male) |
| 3:19 | Create | Villager (Male) |
| 3:19 | Create | Villager (Male) |
| 3:28 | Build | House |
| 4:07 | Create | Villager (Male) |
| 4:07 | Create | Villager (Male) |
| 4:07 | Create | Villager (Male) |
| 4:07 | Create | Villager (Male) |
| 5:12 | Build | House |
| 5:21 | Create | Villager (Male) |
| 5:32 | Build | Mill |
| 5:45 | Create | Villager (Male) |
| 5:45 | Create | Villager (Male) |
| 6:45 | Create | Villager (Male) |
| 6:45 | Create | Villager (Male) |
| 7:34 | Create | Villager (Male) |
| 7:50 | Research | Loom |
| 8:30 | Research | Feudal Age |
| 8:32 | Build | Mining Camp |
| 9:18 | Build | Palisade Wall |
| 9:19 | Build | Palisade Wall |
| 9:20 | Build | Palisade Wall |
| 9:24 | Build | Palisade Wall |
| 9:27 | Build | Palisade Wall |
| 9:28 | Build | Palisade Wall |
| 9:38 | Build | Palisade Wall |
| 9:44 | Build | Palisade Wall |
| 9:45 | Build | Palisade Wall |
| 9:45 | Build | Palisade Wall |
| 9:53 | Build | Palisade Wall |
| 9:55 | Build | Palisade Wall |
| 9:56 | Build | Palisade Wall |
| 10:07 | Build | Palisade Wall |
| 10:13 | Build | Palisade Wall |
| 10:14 | Build | Palisade Wall |
| 10:23 | Build | Palisade Wall |
| 10:24 | Build | Palisade Wall |
| 10:40 | Age | Feudal Age |
| 10:42 | Create | Villager (Male) |
| 10:44 | Build | Market |
| 10:48 | Build | Blacksmith |
| 10:55 | Build | Blacksmith |
| 11:40 | Research | Castle Age |
| 12:15 | Build | House |
| 12:16 | Build | House |
| 12:34 | Build | Farm |
| 13:11 | Research | Double-Bit Axe |
| 13:14 | Build | Farm |
| 13:48 | Create | Villager (Male) |
| 14:20 | Age | Castle Age |
| 14:24 | Build | Castle |
| 14:59 | Create | Villager (Male) |
| 14:59 | Create | Villager (Male) |
| 15:08 | Build | Mining Camp |
| 15:16 | Build | Farm |
| 15:16 | Create | Samurai |
| 15:17 | Create | Samurai |
| 15:22 | Research | Scale Mail Armor |
| 15:33 | Build | Farm |
| 15:53 | Build | Farm |
| 16:13 | Create | Samurai |
| 16:13 | Create | Samurai |
| 16:29 | Create | Samurai |
| 16:42 | Create | Samurai |
| 17:08 | Create | Samurai |
| 17:29 | Build | Farm |
| 17:30 | Build | Farm |
| 17:40 | Create | Villager (Male) |
| 17:41 | Create | Villager (Male) |
| 17:41 | Create | Villager (Male) |
| 18:05 | Build | Mill |
| 18:07 | Create | Samurai |
| 18:32 | Create | Samurai |
| 18:54 | Create | Samurai |
| 19:08 | Create | Samurai |
| 19:09 | Create | Villager (Male) |
| 19:46 | Create | Samurai |
| 19:46 | Create | Villager (Male) |
| 19:46 | Create | Villager (Male) |
| 20:02 | Research | Chain Mail Armor |
| 20:02 | Create | Villager (Male) |
| 20:02 | Create | Villager (Male) |
| 20:09 | Build | Farm |
| 20:11 | Build | Farm |
| 20:12 | Build | Farm |
| 20:14 | Build | Farm |
| 20:23 | Create | Samurai |
| 20:23 | Create | Samurai |
| 20:27 | Create | Samurai |
| 20:28 | Create | Samurai |
| 20:39 | Create | Villager (Male) |
| 20:39 | Create | Villager (Male) |
| 20:39 | Create | Villager (Male) |
| 20:56 | Create | Samurai |
| 20:56 | Create | Villager (Male) |
| 21:23 | Create | Samurai |
| 21:45 | Create | Samurai |
| 21:50 | Build | Farm |
| 21:51 | Create | Samurai |
| 22:00 | Create | Samurai |
| 22:16 | Create | Samurai |
| 22:18 | Create | Samurai |
| 22:21 | Create | Samurai |
| 22:44 | Create | Samurai |
| 22:56 | Create | Samurai |
| 23:01 | Build | Farm |
| 23:10 | Create | Samurai |
| 23:11 | Build | Farm |
| 23:23 | Create | Samurai |
| 23:23 | Create | Samurai |
| 23:23 | Create | Villager (Male) |
| 23:23 | Create | Villager (Male) |
| 23:25 | Create | Villager (Male) |
| 23:25 | Create | Villager (Male) |
| 23:25 | Create | Villager (Male) |
| 23:25 | Create | Villager (Male) |
| 23:38 | Create | Samurai |
| 23:38 | Create | Samurai |
| 23:50 | Create | Samurai |
| 24:03 | Create | Samurai |
| 24:09 | Create | Samurai |
| 24:27 | Create | Villager (Male) |
| 24:27 | Create | Villager (Male) |
| 24:27 | Create | Villager (Male) |
| 24:41 | Create | Samurai |
| 24:55 | Create | Samurai |
| 24:56 | Create | Samurai |
| 24:56 | Create | Villager (Male) |
| 24:56 | Create | Villager (Male) |
Match timeline
| 7:35 | Pinheads | ElQueManejaLaCombi · first_building Barracks |
| 7:46 | Pinheads | ElQueManejaLaCombi · wall_segment Palisade Wall x1 |
| 7:48 | Pinheads | ElQueManejaLaCombi · wall_segment Palisade Wall x1 |
| 7:51 | Pinheads | ElQueManejaLaCombi · wall_segment Palisade Wall x1 |
| 7:55 | Pinheads | ElQueManejaLaCombi · wall_segment Palisade Wall x1 |
| 7:57 | Pinheads | ElQueManejaLaCombi · wall_segment Palisade Wall x1 |
| 8:00 | Pinheads | ElQueManejaLaCombi · wall_segment Palisade Wall x1 |
| 8:02 | Pinheads | ElQueManejaLaCombi · wall_segment Palisade Wall x1 |
| 8:54 | Pinheads | ElQueManejaLaCombi · wall_segment Palisade Wall x1 |
| 8:55 | Pinheads | ElQueManejaLaCombi · age_up feudal |
| 8:56 | Pinheads | ElQueManejaLaCombi · wall_segment Palisade Wall x1 |
| 8:57 | Pinheads | ElQueManejaLaCombi · wall_segment Palisade Wall x1 |
| 9:00 | Pinheads | ElQueManejaLaCombi · first_building Archery Range |
| 9:13 | Pinheads | ElQueManejaLaCombi · wall_segment Palisade Wall x1 |
| 9:18 | TheSleepyBishop · wall_segment Palisade Wall x1 |
| 9:19 | TheSleepyBishop · wall_segment Palisade Wall x1 |
| 9:20 | TheSleepyBishop · wall_segment Palisade Wall x1 |
| 9:24 | TheSleepyBishop · wall_segment Palisade Wall x1 |
| 9:27 | TheSleepyBishop · wall_segment Palisade Wall x1 |
| 9:28 | TheSleepyBishop · wall_segment Palisade Wall x1 |
| 9:38 | TheSleepyBishop · wall_segment Palisade Wall x1 |
| 9:44 | TheSleepyBishop · wall_segment Palisade Wall x1 |
| 9:45 | TheSleepyBishop · wall_segment Palisade Wall x1 |
| 9:45 | TheSleepyBishop · wall_segment Palisade Wall x1 |
| 9:53 | TheSleepyBishop · wall_segment Palisade Wall x1 |
| 9:55 | TheSleepyBishop · wall_segment Palisade Wall x1 |
| 9:56 | TheSleepyBishop · wall_segment Palisade Wall x1 |
| 10:00 | Pinheads | ElQueManejaLaCombi · wall_segment Palisade Wall x1 |
| 10:07 | TheSleepyBishop · wall_segment Palisade Wall x1 |
| 10:13 | TheSleepyBishop · wall_segment Palisade Wall x1 |
| 10:14 | TheSleepyBishop · wall_segment Palisade Wall x1 |
| 10:23 | TheSleepyBishop · wall_segment Palisade Wall x1 |
| 10:24 | TheSleepyBishop · wall_segment Palisade Wall x1 |
| 10:40 | TheSleepyBishop · age_up feudal |
| 11:12 | Pinheads | ElQueManejaLaCombi · wall_segment Palisade Wall x1 |
| 11:39 | TheSleepyBishop · first_market_sell 100 stone |
| 14:20 | TheSleepyBishop · age_up castle |
| 14:24 | TheSleepyBishop · first_building Castle |
| 15:21 | Pinheads | ElQueManejaLaCombi · wall_segment Palisade Wall x1 |
| 16:12 | TheSleepyBishop · first_market_buy 100 food |
| 17:29 | Pinheads | ElQueManejaLaCombi · wall_segment Palisade Wall x1 |
| 17:51 | Pinheads | ElQueManejaLaCombi · first_market_buy 100 wood |
| 19:47 | Pinheads | ElQueManejaLaCombi · age_up castle |
| 21:47 | Pinheads | ElQueManejaLaCombi · wall_segment Palisade Wall x1 |
| 21:49 | Pinheads | ElQueManejaLaCombi · wall_segment Palisade Wall x1 |
| 23:10 | Pinheads | ElQueManejaLaCombi · wall_segment Palisade Wall x1 |
| 23:12 | Pinheads | ElQueManejaLaCombi · wall_segment Palisade Wall x1 |
| 23:51 | Pinheads | ElQueManejaLaCombi · wall_segment Palisade Wall x1 |
| 25:42 | Pinheads | ElQueManejaLaCombi · wall_segment Palisade Wall x1 |
| 26:04 | TheSleepyBishop · first_building Barracks |
| 26:59 | Pinheads | ElQueManejaLaCombi · wall_segment Palisade Wall x1 |
| 32:28 | TheSleepyBishop · first_building Monastery |
| 33:03 | Pinheads | ElQueManejaLaCombi · first_building Monastery |
| 35:19 | TheSleepyBishop · first_building Siege Workshop |
| 40:52 | Pinheads | ElQueManejaLaCombi · first_building Siege Workshop |
| 42:43 | Pinheads | ElQueManejaLaCombi · resign |
[ AI ANALYSIS · 1 CREDIT ]
What really happened in this match?
Wolo.gg analyzes every decision: build order, eco, micro, common mistakes by bracket. Personalized analysis on WhatsApp or Discord in 30 seconds.
Civ guide
Poles
Perfil
Jugador #2793448